 Dungeon Crawl Stone Soup version 0.17.0-28-g6e173f8 (webtiles) character file.

3925 homeworkjunkie the Covert (level 10, -10/51 HPs)
             Began as a Spriggan Assassin on Nov 26, 2015.
             Was a Priest of Okawaru.
             Killed by the air
             ... invoked by Gastronok
              (17 damage)
             ... on level 8 of the Dungeon.
             The game lasted 00:21:05 (8353 turns).

homeworkjunkie the Covert (Spriggan Assassin)       Turns: 8353, Time: 00:21:05

Health: -10/51     AC:  7    Str:  7    XL:     10   Next: 1%
Magic:  11/11      EV: 29    Int: 12    God:    Okawaru [***...]
Gold:   331        SH:  0    Dex: 22    Spells: 0 memorised, 9 levels left

rFire  + . .     SeeInvis +     q - +2 hunting sling
rCold  . . .     Clarity  .     c - +2 robe
rNeg   . . .     SustAt   .     (shield restricted)
rPois  +         Gourm    .     (helmet restricted)
rElec  .         Spirit   .     l - +2 cloak
rCorr  .         Warding  .     (gloves unavailable)
rMut   .         Stasis   .     (boots unavailable)
MR     +....                    (no amulet)
Stlth  ++++++....               v - ring of protection from fire
                                h - ring of poison resistance

@: very quick, somewhat resistant to hostile enchantments, very stealthy
A: unfitting armour, see invisible, herbivore 3, speed 3, slow metabolism 2
a: Heroism, Renounce Religion


You were on level 8 of the Dungeon.
You worshipped Okawaru.
Okawaru was most pleased with you.
You were full.

You visited 2 branches of the dungeon, and saw 11 of its levels.

You collected 535 gold pieces.
You spent 204 gold pieces at shops.

Inventory:

Hand Weapons
 a - a +4 short sword
 b - a +0 blowgun
 o - a +2 short sword of electrocution
 q - a +2 hunting sling (weapon)
Missiles
 j - a sling bullet of flame (quivered)
 m - 6 tomahawks
Armour
 c - a +2 robe (worn)
 l - a +2 cloak (worn)
Jewellery
 h - a ring of poison resistance (left hand)
 v - a ring of protection from fire (right hand)
Wands
 y - a wand of random effects (21)
 B - a wand of disintegration (15)
Scrolls
 i - 3 scrolls of remove curse
 r - a scroll of fear
 t - a scroll of blinking
 u - 2 scrolls of amnesia
 w - 2 scrolls of teleportation
 C - a scroll of enchant armour
Potions
 d - a potion of curing
 n - a potion of cure mutation {unknown}
 p - a potion of resistance
 s - a potion of magic
 x - 3 potions of might
 z - 2 potions of heal wounds {unknown}
 A - a potion of lignification {unknown}
Comestibles
 g - 6 bread rations


   Skills:
 * Level 4.4 Fighting
 * Level 5.7 Short Blades
 * Level 8.4(9.2) Slings
 * Level 4.9(6.7) Throwing
 * Level 10.2 Dodging
 * Level 11.0 Stealth


You had 9 spell levels left.
You didn't know any spells.

Dungeon Overview and Level Annotations

Branches:
Dungeon (10/15)            Temple (1/1) D:6
   Lair: D:8-11         Orc: D:9-12

Altars:
Cheibriados
Dithmenos
Fedhas
Gozag
Kikubaaqudgha
Nemelex Xobeh
Okawaru
Qazlal
Ru
Trog
Vehumet
Xom
Yredelemnul
Zin

Shops:
D:4 ?   D:6 :   D:8 (

Annotations:
D:8 Gastronok


Innate Abilities, Weirdness & Mutations

You are tiny and cannot use many weapons and most armour.
You have supernaturally acute eyesight.
You are a herbivore.
You cover ground extremely quickly.
You need consume almost no food.


Message History

You shoot a sling bullet of flame.
The sling bullet of flame hits Gastronok!
The sling bullet of flame burns Gastronok.
Gastronok is almost dead.
Firing (i - inventory. (,) - cycle):
j - 2 sling bullets of flame (quivered)
Press: ? - help, Shift-Dir - straight line, f/p - Gastronok
Aim: Gastronok, wearing a runed hat (almost dead, poisoned)
You shoot a sling bullet of flame.
The sling bullet of flame hits Gastronok.
The sling bullet of flame burns Gastronok.
Gastronok is almost dead.
Gastronok waves his eye-stalks in wide circles.
The air twists around and strikes you!
* * * LOW HITPOINT WARNING * * *
Drink which item? (? for menu, Esc to quit)
You feel better.
There is a stone staircase leading down here.
Gastronok waves his eye-stalks in wide circles.
The air twists around and strikes you!
You die...

#.#..?......#
###.#.........#
#<............#
###..###....######
#..###.##......#
###.....##......#
#####.......##......#
#...........##..>...#
###...........##@.....#
................>...###
###...........##.####
.######.......##w#
.###############(#
.........## #(#
.#######..# #(# ## ##.#
#..((...... #.#
#..........


You could see Gastronok.

Vanquished Creatures
  Erolcha (D:9)
  Joseph (D:9)
  The ghost of Nicoed the Changer, an amateur DrTm of Makhleb (D:4)
  A spriggan (D:7)
  2 yaks (D:8)
  An orc warrior (D:6)
  An ice beast (D:5)
  3 ogres
  A phantom (D:4)
  3 centaurs
  5 giant frogs
  A wyvern skeleton (D:7)
  A scorpion (D:6)
  7 wights
  The ghost of coffecat the Conjurer, a weakling DgCj (D:7)
  2 crimson imps
  A jelly (D:7)
  3 orc priests
  Crazy Yiuf (D:4)
  A centaur skeleton (D:4)
  A hound (D:4)
  6 orc wizards
  A quasit (D:9)
  A worker ant (D:4)
  A hound skeleton (D:5)
  6 gnolls
  2 shadow imps
  11 adders
  2 oozes
  2 worms (D:6)
  5 giant geckos
  24 orcs
  2 ball pythons
  5 bats
  8 giant cockroaches
  9 goblins
  5 hobgoblins
  10 kobolds
  5 quokkas
  A giant gecko skeleton (D:4)
  5 giant newts
  2 jackals (D:1)
  A jackal skeleton (D:7)
  8 rats
  A fungus (D:4)
162 creatures vanquished.

Vanquished Creatures (others)
  An iguana (D:6)
1 creature vanquished.

Grand Total: 163 creatures vanquished

Notes
Turn   | Place    | Note
--------------------------------------------------------------
     0 | D:1      | homeworkjunkie the Spriggan Assassin began the quest for the Orb.
     0 | D:1      | Reached XP level 1. HP: 10/10 MP: 2/2
   326 | D:1      | Reached skill level 6 in Stealth
   414 | D:1      | Reached XP level 2. HP: 9/15 MP: 3/3
  1788 | D:2      | Reached XP level 3. HP: 16/18 MP: 4/4
  2443 | D:3      | Reached XP level 4. HP: 23/23 MP: 5/5
  2573 | D:3      | Found a shimmering altar of Xom.
  2629 | D:3      | Reached skill level 1 in Slings
  2795 | D:4      | Noticed Nicoed's ghost (amateur DrTm)
  3016 | D:4      | Noticed a phantom
  3039 | D:4      | Killed a phantom
  3039 | D:4      | Reached skill level 7 in Stealth
  3039 | D:4      | Reached XP level 5. HP: 23/26 MP: 6/6
  3075 | D:4      | Found Dogufeul's Magic Scroll Shop.
  3093 | D:4      | Bought a scroll of enchant armour for 90 gold pieces
  3093 | D:4      | Bought a scroll of enchant armour for 90 gold pieces
  3093 | D:4      | Bought a scroll of identify for 24 gold pieces
  3244 | D:5      | Entered Level 5 of the Dungeon
  3244 | D:5      | Noticed an ice beast
  3245 | D:5      | Killed an ice beast
  3245 | D:5      | Reached skill level 5 in Dodging
  3245 | D:5      | Reached XP level 6. HP: 29/31 MP: 7/7
  3317 | D:4      | HP: 1/32 [Nicoed's ghost (9)]
  3322 | D:4      | Killed Nicoed's ghost
  3322 | D:4      | Reached XP level 7. HP: 14/35 MP: 8/8
  3796 | D:5      | Noticed an ogre
  3803 | D:5      | Killed an ogre
  3868 | D:4      | Noticed an ogre
  3903 | D:4      | Killed an ogre
  3903 | D:4      | Reached skill level 5 in Slings
  4519 | D:4      | Reached skill level 8 in Stealth
  4637 | D:4      | Noticed Crazy Yiuf
  4645 | D:4      | Killed Crazy Yiuf
  5029 | D:5      | Reached XP level 8. HP: 40/40 MP: 9/9
  5061 | D:5      | Noticed coffecat's ghost (weakling DgCj)
  5463 | D:6      | Reached skill level 9 in Stealth
  5994 | D:6      | Found a staircase to the Ecumenical Temple.
  6003 | Temple   | Entered the Ecumenical Temple
  6146 | Temple   | Became a worshipper of Warmaster Okawaru
  6286 | D:6      | Found Yduag's Book Shoppe.
  6469 | D:7      | Killed coffecat's ghost
  6699 | D:8      | Found a radiant altar of Vehumet.
  6699 | D:8      | Found a snail-covered altar of Cheibriados.
  6700 | D:8      | Found a stormy altar of Qazlal.
  6706 | D:8      | Found a sacrificial altar of Ru.
  6721 | D:9      | Noticed Erolcha
  6726 | D:9      | Killed Erolcha
  6726 | D:9      | Reached * piety under Okawaru
  6726 | D:9      | Reached skill level 5 in Short Blades
  6726 | D:9      | Reached skill level 10 in Stealth
  6726 | D:9      | Reached XP level 9. HP: 42/45 MP: 10/10
  6797 | D:9      | Noticed Joseph
  6805 | D:9      | Killed Joseph
  6805 | D:9      | Reached ** piety under Okawaru
  6893 | D:10     | Entered Level 10 of the Dungeon
  6961 | D:8      | Found Huyc's Weapon Boutique.
  7115 | D:7      | Found a sacrificial altar of Ru.
  7144 | D:7      | Reached skill level 10 in Dodging
  7478 | D:7      | Found a sparkling altar of Nemelex Xobeh.
  8200 | D:8      | Reached skill level 11 in Stealth
  8304 | D:8      | Reached *** piety under Okawaru
  8304 | D:8      | Reached XP level 10. HP: 48/51 MP: 11/11
  8310 | D:8      | Noticed Gastronok
  8350 | D:8      | HP: 2/51 [Gastronok/the air (21)]
  8353 | D:8      | Killed from afar by Gastronok

Action                   |  1- 3 |  4- 6 |  7- 9 | 10-12 || total
-------------------------+-------+-------+-------+-------++-------
Melee: Dagger            |   206 |    51 |    69 |       ||   326
       Short sword       |       |       |   198 |       ||   198
 Fire: Blowgun           |    15 |     3 |    43 |     4 ||    65
       Hunting sling     |       |    57 |   164 |    28 ||   249
Throw: Tomahawk          |       |       |     2 |     2 ||     4
Evoke: Wand              |       |       |     2 |       ||     2
  Use: Scroll            |     9 |     7 |     6 |       ||    22
       Potion            |     1 |     2 |     3 |     1 ||     7
 Stab: Sleeping          |    13 |     4 |    28 |       ||    45
       Distracted        |     1 |       |     1 |       ||     2
  Eat: Bread ration      |     1 |       |     1 |       ||     2
       Pizza             |     1 |       |     1 |       ||     2
